 Dungeon Crawl Stone Soup version 0.14-a0-3350-g14ab857 (webtiles) character file.

8922 Psiweapon the Thaumaturge (level 11, -2/54 HPs)
             Began as a Deep Elf Conjurer on Mar 18, 2014.
             Was a Believer of Vehumet.
             Slain by a skeletal warrior
             ... wielding a +0,+0 glaive
              (12 damage)
             ... on Level 11 of the Dungeon.
             The game lasted 01:28:22 (11944 turns).

Psiweapon the Thaumaturge (Deep Elf Conjurer)      Turns: 11944, Time: 01:28:52

HP  -2/54        AC 10     Str  7      XL: 11   Next: 12%
MP  10/33        EV 16     Int 23      God: Vehumet [**....]
Gold 312         SH  0     Dex 14 (15) Spells:  6 memorised, 14 levels left

rFire  . . .     SeeInvis .     D - +4,+2 quarterstaff (chaos)
rCold  + . .     Clarity  .     I - +2 leather armour {rC+}
rNeg   . . .     Conserve .     (no shield)
rPois  .         rCorr    .     M - +2 hat
rElec  .         rRot     .     E - +0 cloak
SustAb . .       Spirit   .     R - +0 pair of gloves
rMut   .         Warding  .     H - +0 pair of boots
Gourm  +         Stasis   .     i - amulet of the gourmand
MR     +....                    (no ring)
                                F - +1 ring of intelligence

@: lethally poisoned, somewhat resistant to hostile enchantments, fairly
stealthy
A: no striking features
a: Renounce Religion


You were on level 11 of the Dungeon.
You worshipped Vehumet.
Vehumet was pleased with you.
You were very full.

You visited 2 branches of the dungeon, and saw 12 of its levels.

You collected 427 gold pieces.
You spent 115 gold pieces at shops.

Inventory:

Hand weapons
 r - a +2,+0 whip of freezing
 y - a +2,+2 falchion of electrocution
 D - a +4,+2 quarterstaff of chaos (weapon)
Armour
 E - a +0 cloak (worn)
 H - a +0 pair of boots (worn)
 I - a +2 leather armour of cold resistance (worn)
 M - a +2 hat (worn)
 R - a +0 pair of gloves (worn)
Magical devices
 s - a wand of paralysis (13)
 w - a wand of confusion (7)
 Q - a wand of lightning (5)
Comestibles
 b - 4 bread rations
 d - 6 meat rations
Scrolls
 a - 2 scrolls of fear {unknown}
 e - a scroll of enchant armour
 f - 2 scrolls of teleportation
 j - 3 scrolls of enchant weapon II
 n - a scroll of blinking {unknown}
 o - 2 scrolls of silence {unknown}
 t - 5 scrolls of amnesia
 u - a scroll of enchant weapon III
 v - a scroll of fog
 z - a scroll of recharging
 A - 5 scrolls of remove curse
 K - 2 scrolls of noise
 O - a scroll of immolation
 P - a scroll of magic mapping
Jewellery
 i - an amulet of the gourmand (around neck)
 l - an uncursed ring of protection from magic
 p - an uncursed ring of protection from magic
 C - an uncursed amulet of warding
 F - a +1 ring of intelligence (left hand)
Potions
 c - a potion of berserk rage
 g - a potion of invisibility
 h - 4 potions of curing
 k - a potion of agility {unknown}
 m - 2 potions of magic {unknown}
 q - 4 potions of might
 x - 4 potions of heal wounds
 B - a potion of haste


   Skills:
 + Level 6.7 Staves
 + Level 10.3 Dodging
 - Level 2.4 Stealth
 - Level 11.8 Spellcasting
 - Level 10.2 Conjurations
 - Level 8.2 Charms


You had 14 spell levels left.
You knew the following spells:

 Your Spells              Type           Power        Failure   Level  Hunger
a - Magic Dart            Conj           ####         1%          1    None
b - Searing Ray           Conj           ######       1%          2    None
c - Iskenderun's Battles  Conj/Chrm      ######..     3%          5    ###....
d - Fulminant Prism       Conj/Hex       #####.....   8%          4    None
e - Dazzling Spray        Conj/Hex       #####...     1%          3    None
f - Iskenderun's Mystic   Conj           ######..     1%          4    None


Dungeon Overview and Level Annotations

Branches:
Dungeon (11/15) Temple (1/1) D:4 Orc (0/4) D:9 D:10 Lair: D:8-11

Altars:
Ashenzari
Cheibriados
Dithmenos
Elyvilon
Fedhas
Kikubaaqudgha
Makhleb
Nemelex Xobeh
Okawaru
Sif Muna
Trog
Vehumet
Xom
Yredelemnul
Zin
The Shining One

Shops:
D:4 ?*?:[   D:6 ?}[   D:7 %

Annotations:
D:5 8 exclusions
D:10 9 exclusions


Message History

The orb of energy hits the skeletal warrior.
The skeletal warrior is almost destroyed.
The orb of energy explodes!
Your battlesphere fires!
The barrage of energy hits the skeletal warrior.
The skeletal warrior is almost destroyed.
Your battlesphere expends the last of its energy and dissipates.
A wolf spider comes into view.
The wolf spider hisses angrily.
The wolf spider hits you but does no damage.
The wolf spider bites you.
* * * LOW HITPOINT WARNING * * *
There is a stone staircase leading up here.
The wolf spider hits you but does no damage.
The wolf spider bites you.
* * * LOW HITPOINT WARNING * * *
You are lethally poisoned!
The wolf spider poisons you!
The skeletal warrior hits you from afar with a glaive!
You die...

.... .#. .. ... ... .# .
#.. #.# .# #. #.###.## #.#
##.# #. #.#....## #.# ##...
#. #.#.....####.####....
###.###.#.........♣......#.
#....##.#.....####%####..#.
#.........@..###.#%#.###...
#....##.#..s###.##.##.###..
#...........z..###.###.....
#....##...(....##...##.....
#....####......#...).#.....
#...<# ######............#
#....# ###..........#
#....# #..........# #....#
########...#


You could see a skeletal warrior and a wolf spider.

Vanquished Creatures
  Pikel (D:9)
  Joseph (D:9)
  A centaur zombie (D:10)
  Grinder (D:3)
  A troll (D:10)
  A spriggan (D:7)
  9 yaks
  A deep elf mage (D:10)
  A hungry ghost (D:10)
  A hippogriff (D:10)
  3 ugly things (D:10)
  A hill giant skeleton (D:10)
  5 orc warriors
  A sky beast (D:8)
  8 ogres
  2 slaves (D:9)
  An ice beast (D:6)
  A phantom (D:10)
  7 centaurs
  4 big kobolds
  5 giant frogs
  A gnoll sergeant (D:8)
  2 scorpions (D:4)
  3 killer bees (D:11)
  A jelly (D:9)
  5 crimson imps
  8 hounds
  2 goliath beetles
  A quasit (D:8)
  9 orc priests
  Crazy Yiuf (D:3)
  7 orc wizards
  5 worker ants
  Jessica (D:3)
  An ogre skeleton (D:9)
  A hound skeleton (D:8)
  7 gnolls
  A shadow imp (D:3)
  15 adders
  5 worms
  2 giant mites
  2 giant eyeballs
  9 giant geckos
  55 orcs
  A ball python (D:7)
  14 bats
  11 goblins
  16 hobgoblins
  4 giant cockroaches
  7 giant newts
  A giant spore (D:6)
  17 jackals
  39 kobolds
  A kobold skeleton (D:4)
  2 orc skeletons
  An orc zombie (D:3)
  4 quokkas
  15 rats
333 creatures vanquished.

Vanquished Creatures (others)
  A fulminant prism (D:10)
  A kobold (D:9)
  An orc zombie (D:8)
  A rat (D:6)
4 creatures vanquished.

Grand Total: 337 creatures vanquished

Notes
Turn   | Place    | Note
--------------------------------------------------------------
     0 | D:1      | Psiweapon, the Deep Elf Conjurer, began the quest for the Orb.
     0 | D:1      | Reached XP level 1. HP: 10/10 MP: 5/5
   377 | D:1      | Reached XP level 2. HP: 15/15 MP: 6/8
   414 | D:1      | Learned a level 2 spell: Searing Ray
   804 | D:2      | Reached skill level 5 in Conjurations
   804 | D:2      | Reached XP level 3. HP: 19/19 MP: 7/10
  1563 | D:2      | Reached XP level 4. HP: 24/24 MP: 13/13
  1837 | D:3      | Noticed Jessica
  1842 | D:3      | Killed Jessica
  1924 | D:3      | Noticed an ogre
  1943 | D:3      | Killed an ogre
  1943 | D:3      | Reached skill level 5 in Dodging
  1943 | D:3      | Reached skill level 6 in Conjurations
  1943 | D:3      | Reached XP level 5. HP: 28/28 MP: 1/16
  2238 | D:3      | Learned a level 5 spell: Iskenderun's Battlesphere
  2262 | D:3      | Reached skill level 1 in Charms
  2456 | D:3      | Noticed Crazy Yiuf
  2460 | D:3      | Killed Crazy Yiuf
  2460 | D:3      | Reached XP level 6. HP: 11/32 MP: 9/18
  2793 | D:3      | Noticed Grinder
  2804 | D:3      | Paralysed by Grinder for 2 turns
  2808 | D:3      | Killed Grinder
  2808 | D:3      | Reached skill level 5 in Spellcasting
  2808 | D:3      | Reached XP level 7. HP: 36/36 MP: 13/22
  3370 | D:3      | Reached skill level 5 in Charms
  3593 | D:4      | Found Tulonoda's Magic Scroll Emporium.
  3622 | D:4      | Bought a scroll of identify for 22 gold pieces
  3622 | D:4      | Bought a scroll of amnesia for 38 gold pieces
  3622 | D:4      | Bought a scroll of remove curse for 33 gold pieces
  3622 | D:4      | Bought a scroll of identify for 22 gold pieces
  3650 | D:4      | Found Stued's Magic Scroll Boutique.
  3815 | D:4      | Found a staircase to the Ecumenical Temple.
  3824 | Temple   | Entered the Ecumenical Temple
  3937 | D:4      | Found a snail-covered altar of Cheibriados.
  3988 | D:4      | Found Twyvvac's Antique Armour Shoppe.
  4080 | D:4      | Found Psuttyawn's General Store.
  4130 | D:4      | Found Phum's Book Boutique.
  4170 | D:5      | Entered Level 5 of the Dungeon
  4234 | D:5      | Found a white marble altar of Elyvilon.
  4304 | D:5      | Found a burning altar of Makhleb.
  4307 | D:5      | Reached skill level 7 in Charms
  4417 | D:5      | Found a staircase to the Ecumenical Temple.
  4468 | D:5      | Reached XP level 8. HP: 41/41 MP: 15/26
  4855 | D:6      | Found Statoale's Magic Scroll Emporium.
  4895 | D:6      | Reached skill level 8 in Charms
  5361 | D:6      | Found Falojixo's Armour Shoppe.
  5395 | D:6      | Found Riohyarph's Gadget Emporium.
  6047 | D:7      | Reached skill level 9 in Spellcasting
  6062 | D:7      | Found Zisaadax's Food Shop.
  6383 | D:7      | Found a glowing silver altar of Zin.
  6383 | D:7      | Noticed an angel
  6480 | D:7      | Reached XP level 9. HP: 34/45 MP: 21/29
  6609 | D:7      | Reached skill level 10 in Spellcasting
  7208 | D:8      | Reached skill level 11 in Spellcasting
  7461 | D:8      | Found a basalt altar of Yredelemnul.
  8544 | D:9      | Reached skill level 10 in Conjurations
  8772 | D:4      | Found a shimmering altar of Xom.
  8772 | D:4      | Found a deep blue altar of Sif Muna.
  9067 | D:9      | Reached XP level 10. HP: 42/50 MP: 20/32
  9145 | D:9      | Reached skill level 1 in Staves
  9247 | D:9      | Noticed Joseph
  9262 | D:9      | Killed Joseph
  9627 | D:9      | Noticed Pikel
  9634 | D:9      | Killed Pikel
  9766 | D:9      | Found a radiant altar of Vehumet.
  9776 | D:9      | Became a worshipper of Vehumet
  9954 | D:9      | Found a staircase to the Orcish Mines.
 10352 | D:10     | Entered Level 10 of the Dungeon
 10376 | D:10     | Got a slimy flail
 10377 | D:10     | Identified the cursed +0,-2 flail of Forgiveness {venom, Int+3} (You found it on level 10 of the Dungeon)
 10386 | D:10     | Acquired Vehumet's first power
 10386 | D:10     | Offered knowledge of Sandblast by Vehumet.
 10516 | D:10     | Found a staircase to the Orcish Mines.
 10771 | D:10     | Reached skill level 5 in Staves
 10995 | D:7      | Learned a level 4 spell: Fulminant Prism
 10999 | D:7      | Learned a level 3 spell: Dazzling Spray
 11010 | D:7      | Learned a level 4 spell: Iskenderun's Mystic Blast
 11335 | D:10     | Reached XP level 11. HP: 21/54 MP: 7/33
 11718 | D:10     | Reached skill level 10 in Dodging
 11874 | D:10     | Offered knowledge of Freeze by Vehumet.
 11924 | D:11     | Noticed a skeletal warrior
 11944 | D:11     | Slain by a skeletal warrior

Action                   |  1- 3 |  4- 6 |  7- 9 | 10-12 || total
-------------------------+-------+-------+-------+-------++-------
Melee: Halberd           |     8 |    13 |       |       ||    21
       Quarterstaff      |       |       |    26 |    42 ||    68
 Cast: Magic Dart        |    51 |    63 |   245 |   129 ||   488
       Searing Ray       |     1 |     8 |    39 |    22 ||    70
       Iskenderun's Batt |       |       |    26 |    23 ||    49
       Dazzling Spray    |       |       |       |    11 ||    11
       Iskenderun's Myst |       |       |       |     7 ||     7
       Fulminant Prism   |       |       |       |     1 ||     1
Evoke: Wand              |       |     1 |     2 |     2 ||     5
  Use: Scroll            |       |     1 |    13 |     2 ||    16
       Potion            |       |       |     1 |     3 ||     4
 Stab: Sleeping          |     1 |     1 |     3 |       ||     5
       Paralysed         |       |       |     1 |     1 ||     2
       Confused          |       |       |     1 |       ||     1
       Distracted        |       |       |       |     1 ||     1
       Invisible         |       |       |       |     1 ||     1
